 Dungeon Crawl Stone Soup version 0.27-a0-869-g165b36e3f0 (webtiles) character file.

Game seed: 9728754471712984327

889 polve the Cudgeller (level 8, -6/52 HPs)
             Began as a Gargoyle Fighter on Apr 2, 2021.
             Mangled by a gnoll
             ... wielding a +4 halberd
              (7 damage)
             ... on level 5 of the Dungeon.
             The game lasted 00:02:50 (4230 turns).

polve the Cudgeller (Gargoyle Fighter)              Turns: 4230, Time: 00:02:51

Health: -6/52      AC: 15    Str: 23    XL:     8   Next: 6%
Magic:  8/8        EV:  7    Int: 14    God:
Gold:   182        SH: 10    Dex: 15    Spells: 7/7 levels left

rFire    . . .     SeeInvis .   a - +0 flail
rCold    . . .     Faith    .   c - +0 kite shield
rNeg     + . .     Spirit   .   b - +0 scale mail
rPois    ∞         Reflect  .   m - +1 helmet
rElec    +         Harm     .   (no cloak)
rCorr    .         Rampage  .   (no gloves)
Will     .....                  r - +0 pair of boots
Stlth    ..........             (no amulet)
HPRegen  0.17/turn              s - +6 ring of dexterity
MPRegen  0.11/turn              t - +6 ring of intelligence

@: no status effects
A: AC +5, negative energy resistance 1, electricity resistance, torment
resistance 1, unbreathing 1, petrification resistance
a: no special abilities


You were on level 5 of the Dungeon.
You visited 1 branch of the dungeon, and saw 5 of its levels.

You collected 182 gold pieces.

Inventory:

Hand Weapons
 a - a +0 flail (weapon)
Armour
 b - a +0 scale mail (worn)
 c - a +0 kite shield (worn)
 m - a +1 helmet (worn)
 r - a +0 pair of boots (worn)
Jewellery
 s - a +6 ring of dexterity (left hand)
 t - a +6 ring of intelligence (right hand)
Wands
 o - a wand of flame (15)
 u - a wand of acid (8)
Scrolls
 f - a scroll of acquirement {unknown}
 g - 5 scrolls of teleportation {unknown}
 h - 2 scrolls of enchant armour {unknown}
 j - 5 scrolls of identify {unknown}
 k - 2 scrolls of amnesia {unknown}
 n - a scroll of silence {unknown}
 q - a scroll of brand weapon {unknown}
Potions
 d - a potion of magic {unknown}
 e - a potion of curing {unknown}
 i - a potion of might
 l - a potion of invisibility {unknown}
 p - 2 potions of haste


   Skills:
 + Level 6.5 Fighting
 * Level 7.5 Maces & Flails
 - Level 3.2 Armour
 - Level 3.2 Shields


You had 7 spell levels left.
You didn't know any spells.
Your spell library contained the following spells:

 Spells                   Type           Power      Damage    Failure   Level
 Animate Skeleton         Necr           0%         N/A       97%         1
 Apportation              Tloc           0%         N/A       97%         1
 Corona                   Hex            0%         N/A       97%         1
 Summon Small Mammal      Summ           0%         N/A       97%         1


Dungeon Overview and Level Annotations

Branches:
Dungeon (5/15)
 Temple: D:4-7

Altars:
Zin

Shops:
D:3 *


Innate Abilities, Weirdness & Mutations

Your stone body is resilient. (AC +5)
You are immune to poison.
You resist negative energy. (rN+)
You are resistant to electric shocks. (rElec)
You are resistant to unholy torment.
You can survive without breathing.
You are immune to petrification.


Message History

You barely miss the gnoll shaman. You block the gnoll's attack.
The gnoll shaman calls upon its god to speed up the gnoll.
The gnoll seems to speed up.
You sock the gnoll shaman!
The gnoll shaman is heavily wounded.
You block the gnoll's attack.
The gnoll shaman hits you but does no damage.
The gnoll hits you but does no damage.
You sock the gnoll shaman!
The gnoll shaman is severely wounded.
The gnoll closely misses you.
The gnoll shaman hits you but does no damage.
You block the gnoll's attack.
You sock the gnoll shaman!
You kill the gnoll shaman!
The gnoll hits you from afar with a +4 halberd!
The gnoll hits you with a +4 halberd. You block the gnoll's attack.
Things that are here:
a +0 whip; a +0 robe You barely miss the gnoll.
You block the gnoll's attack. x2
You completely miss the gnoll. The gnoll closely misses you.
You block the gnoll's attack.
You sock the gnoll!
The gnoll is severely wounded.
You block the gnoll's attack. The gnoll hits you but does no damage.
You closely miss the gnoll.
The gnoll is severely wounded.
The gnoll hits you with a +4 halberd!
You closely miss the gnoll.
The gnoll is severely wounded.
The gnoll hits you with a +4 halberd! x2
* * * LOW HITPOINT WARNING * * *
You hit the gnoll.
The gnoll is almost dead.
You block the gnoll's attack. The gnoll hits you with a +4 halberd!
* * * LOW HITPOINT WARNING * * *
You hit the gnoll.
The gnoll is almost dead.
You block the gnoll's attack. The gnoll hits you with a +4 halberd!
You die...

#.#
#..####.###.##
#.#
#...........#
#.#
#..####.#####
#.# #..# #.# #
#.# #...
#.###### #.#
##.# #.##....
#.# #.#
#.##.###
#.########.##
#.# #.
#...)@gg.....
#.# ##
########.####
#.#


You could see 2 gnolls.

Vanquished Creatures
  Grinder (D:3)
  An ice beast (D:5)
  2 phantoms
  A scorpion (D:5)
  A water moccasin skeleton (D:4)
  A howler monkey (D:3)
  A gnoll shaman (D:5)
  An orc priest (D:3)
  A jelly (D:5)
  A bullfrog skeleton (D:4)
  An iguana (D:5)
  An orc wizard (D:3)
  2 hound skeletons
  A gnoll (D:5)
  2 adders (D:2)
  An adder skeleton (D:4)
  A worm (D:5)
  2 dart slugs
  7 orcs
  3 bats (D:3)
  6 endoplasms
  2 giant cockroaches
  6 goblins
  8 hobgoblins
  11 jackals
  2 kobolds
  6 ball pythons
  2 frilled lizards (D:1)
  3 rats
78 creatures vanquished.

Notes
Turn   | Place    | Note
-------+----------+-------------------------------------------
     0 | D:1      | polve the Gargoyle Fighter began the quest for the Orb.
     0 | D:1      | Reached XP level 1. HP: 14/14 MP: 1/1
   192 | D:1      | Reached XP level 2. HP: 11/19 MP: 2/2
   675 | D:1      | Found a faded altar of an unknown god.
   975 | D:1      | Reached skill level 3 in Maces & Flails
   976 | D:1      | Reached XP level 3. HP: 24/24 MP: 3/3
  1893 | D:2      | Reached XP level 4. HP: 26/29 MP: 4/4
  2460 | D:3      | Noticed Grinder
  2464 | D:3      | Paralysed by Grinder for 5 turns
  2476 | D:3      | Killed Grinder
  2477 | D:3      | Reached skill level 5 in Fighting
  2477 | D:3      | Reached skill level 5 in Maces & Flails
  2477 | D:3      | Reached XP level 5. HP: 11/35 MP: 5/5
  2477 | D:3      | Reached XP level 6. HP: 13/40 MP: 6/6
  2693 | D:3      | Found Temo's General Store.
  3044 | D:3      | Found a glowing silver altar of Zin.
  3326 | D:4      | Reached skill level 6 in Maces & Flails
  3326 | D:4      | Reached XP level 7. HP: 41/44 MP: 7/7
  3819 | D:5      | Entered Level 5 of the Dungeon
  3934 | D:5      | Reached skill level 7 in Maces & Flails
  4157 | D:5      | Reached XP level 8. HP: 47/52 MP: 8/8
  4229 | D:5      | HP: 1/52 [gnoll/+4 halberd (9)]
  4230 | D:5      | Mangled by a gnoll

Illustrated notes

Levels and vault maps discovered:
D:1:      dpeg_arrival_lava_temple_mockup, layout_loops_ring,
          basic_ecumenical_altar, minmay_misc_feat_enclosed
D:2:      layout_loops_ring, amcnicky_mini_rare_corridor_liquid
D:3:      layout_loops_ring, marbit_many_paths, serial_shops, shop,
          grunt_ministairs_4, hex_large, chequers_serial_rivers_micro_d,
          st_stairs_8, uniq_grinder
D:4:      layout_rooms, serial_corexii_hall, corexii_hall_statues_t,
          corexii_hall_statues_l, kennysheep_generic_room_15
D:5:      layout_loops_ring, minmay_overflow_temple_hex, uniq_sigmund

Skill      XL: |  1  2  3  4  5  6  7 |
---------------+----------------------+-----
Maces & Flails | 3 5 6 7 |  7.5
Fighting       | 4 5 6 |  6.5
Armour         | |  3.2
Shields        | |  3.2

Action                   |  1- 3 |  4- 6 |  7- 9 || total
-------------------------+-------+-------+-------++-------
Melee: Flail             |   118 |   134 |    83 ||   335
  Use: Potion            |       |     3 |       ||     3
Armor: Scale mail        |    68 |   123 |    29 ||   220
Dodge: Dodged            |    42 |    57 |    24 ||   123
Block: Kite shield       |    66 |   104 |    46 ||   216

Table legend: (Time is in decaauts)
 A = Elapsed time spent in this place.
 B = Non-inter-level travel time spent in this place.
 C = Inter-level travel time spent in this place.
 D = Time resting spent in this place.
 E = Time spent auto-exploring this place.
 F = Levels seen in this place.
 G = Mean time per level.
                   A        B        C        D        E       F      G
               +--------+--------+--------+--------+--------+-----+--------+
         Total |   4346 |   4234 |    112 |      0 |   3540 |   5 |  869.2 |
       Dungeon |   4346 |   4234 |    112 |      0 |   3540 |   5 |  869.2 |
               +--------+--------+--------+--------+--------+-----+--------+

Top non-repeatable levels by time:
     D:1: 1598 daAuts
     D:3: 1105 daAuts
     D:2: 695 daAuts
     D:4: 521 daAuts
     D:5: 427 daAuts
